 Dungeon Crawl Stone Soup version 0.29.1-2-gbd0b4ee654 (webtiles) character file.

Game seed: 2771046409683691564

21 nshep25 the Covered (level 2, -3/27 HPs)
             Began as a Minotaur Fighter on Nov 16, 2022.
             Slain by Terence
             ... wielding a +2 trident of freezing
              (5 damage)
             ... on level 2 of the Dungeon on Nov 17, 2022.
             The game lasted 00:01:51 (1279 turns).

nshep25 the Covered (Minotaur Fighter)              Turns: 1279, Time: 00:01:51

Health: -3/27      AC:  9    Str: 20    XL:     2   Next: 62%
Magic:  1/1        EV:  7    Int:  5    God:
Gold:   32         SH:  4    Dex:  9    Spells: 1/1 levels left

rFire   . . .      SeeInvis .   a - +0 war axe
rCold   . . .      Faith    .   c - +0 buckler
rNeg    . . .      Spirit   .   j - +0 chain mail
rPois   .          Reflect  .   i - +0 hat
rElec   .          Harm     .   (no cloak)
rCorr   .          Rampage  .   (no gloves)
Will    .....                   (no boots)
Stlth   ..........              (no amulet)
HPRegen 0.09/turn               (no ring)
MPRegen 0.07/turn               (no ring)

@: no status effects
A: horns 2, retaliatory headbutt
a: no special abilities


You were on level 2 of the Dungeon.
You visited 1 branch of the dungeon, and saw 2 of its levels.

You collected 32 gold pieces.

Inventory:

Hand Weapons
 a - a +0 war axe (weapon)
Armour
 b - a +0 scale mail
 c - a +0 buckler (worn)
 i - a +0 hat (worn)
 j - a +0 chain mail (worn)
Scrolls
 f - 2 scrolls of identify {unknown}
 g - a scroll of enchant weapon {unknown}
 h - a scroll of magic mapping {unknown}
 k - a scroll of poison {unknown}
Potions
 d - a potion of might
 e - a potion of heal wounds {unknown}


   Skills:
 + Level 3.9 Fighting
 * Level 3.0 Axes
 + Level 4.0 Armour
 + Level 3.8 Shields


You had one spell level left.
You didn't know any spells.
Your spell library was empty.

Dungeon Overview and Level Annotations

Branches:
Dungeon (2/15)

Altars:

Shops:
D:1 (   D:2 =

Annotations:
D:2 Terence


Innate Abilities, Weirdness & Mutations

You have a pair of horns on your head.
You reflexively headbutt those who attack you in melee.


Message History

k - a scroll labelled ZIUMIZX IM KOU You see here a +0 dagger.
You now have 32 gold pieces (gained 4).
HP restored.
Terence the Incautious comes into view.
He is wielding a +2 trident of freezing and wearing a +3 chain mail of fire resistance.
Found a bubbling cyan potion.
Terence hits you with a +2 trident of freezing.
Terence freezes you.
You closely miss Terence. Terence barely misses you.
Terence hits you with a +2 trident of freezing.
Terence freezes you.
You barely miss Terence.
Terence hits you with a +2 trident of freezing.
Terence freezes you.
You slash Terence!
Terence is heavily wounded.
Terence barely misses you. You furiously retaliate!
You headbutt Terence. Terence barely misses you.
You closely miss Terence.
Terence is heavily wounded.
Terence says, "Don't bother to defend, it's useless."
Terence hits you with a +2 trident of freezing.
* * * LOW HITPOINT WARNING * * *
Terence freezes you.
* * * LOW HITPOINT WARNING * * *
You hit Terence but do no damage. You headbutt Terence.
Terence is heavily wounded.
You block Terence's attack.
You barely miss Terence.
Terence is heavily wounded.
Terence hits you but does no damage.
Terence hits you with a +2 trident of freezing.
* * * LOW HITPOINT WARNING * * *
Terence freezes you.
* * * LOW HITPOINT WARNING * * *
You hit Terence but do no damage. You headbutt Terence.
Terence is severely wounded.
Terence asks, "Do you want it fast or slow?"
Terence hits you with a +2 trident of freezing.
You die...

..................#..
####.................
#.#..#...)......#..
##................. #
#...##.###.........
..#.###.##.# #...###...
........##.# ##..##
........##.# ##†..##
....###@##.###8.8.8###.#
...!...@.......⌠.⌠.....#
#######.####..8.∩.8####
#.# #.#.⌠.⌠.# #.#
#.#8.8.8# #.# #.#.#####
#.# #.#.# #.# #<#.#
#.#.#


You could see Terence.

Vanquished Creatures
  2 goblins (D:1)
  3 hobgoblins
  3 jackals (D:1)
  4 kobolds
  2 quokkas (D:1)
  4 rats (D:1)
18 creatures vanquished.

Notes
Turn   | Place    | Note
-------+----------+-------------------------------------------
     0 | D:1      | nshep25 the Minotaur Fighter began the quest for the Orb.
     0 | D:1      | Reached XP level 1. HP: 19/19 MP: 0/0
    29 | D:1      | Reached XP level 2. HP: 18/27 MP: 1/1
   238 | D:1      | Found Lafisiy's Antique Weapon Shoppe.
   793 | D:1      | Reached skill level 4 in Armour
   828 | D:1      | Found a faded altar of an unknown god.
  1212 | D:2      | Found Ruprarou's Jewellery Emporium.
  1269 | D:2      | Noticed Terence
  1279 | D:2      | Slain by Terence

Illustrated notes

Levels and vault maps discovered:
D:1:      dpeg_arrival_pits, layout_basic, serial_shops, nicolae_shop_trees,
          ebering_ecumenical_altar_petrified, minmay_ruptured
D:2:      layout_loops_ring, serial_shops,
          nicolae_shop_temple_entry_statues_fountains, minmay_misc_feat_square,
          due_unseen_surprise, uniq_crazy_yiuf_cottage, uniq_robin, uniq_terence

Skill      XL: |  1  2 |
---------------+-------+-----
Armour         | 4 |  4.0
Axes           | 3 |  3.0
Fighting       | |  3.9
Shields        | |  3.8

Action                   || total
-------------------------++-------
Melee: War axe           ||    43
       Headbutt          ||     7
Armor: Scale mail        ||    14
       Chain mail        ||     6
Dodge: Dodged            ||    11
Block: Buckler           ||     8
